 Dungeon Crawl Stone Soup version 0.29.1-2-gbd0b4ee654 (webtiles) character file.

Game seed: 6115304146690947376

1601 GeoRichter the Skirmisher (level 8, -2/40 HPs)
             Began as a Spriggan Hunter on Nov 12, 2022.
             Was an Initiate of Okawaru.
             Killed from afar by a steam dragon (21 damage)
             ... with a ball of steam
             ... on level 6 of the Dungeon.
             The game lasted 00:15:59 (7829 turns).

GeoRichter the Skirmisher (Spriggan Hunter)         Turns: 7829, Time: 00:15:59

Health: -2/40      AC:  2    Str:  7    XL:     8   Next: 62%
Magic:  9/9        EV: 18    Int: 10    God:    Okawaru [......]
Gold:   318        SH:  0    Dex: 21    Spells: 7/7 levels left

rFire   . . .      SeeInvis +   a - +0 shortbow
rCold   . . .      Faith    .   (shield currently unavailable)
rNeg    . . .      Spirit   .   c - +0 robe
rPois   .          Reflect  .   (helmet restricted)
rElec   .          Harm     .   (no cloak)
rCorr   .          Rampage  .   (gloves unavailable)
Will    +....                   (boots unavailable)
Stlth   +++++.....              (no amulet)
HPRegen 0.13/turn               (no ring)
MPRegen 0.11/turn               (no ring)

@: studying Fighting, very quick
A: very small, no large weapons, unfitting armour, see invisible, speed 3
a: Renounce Religion


You were on level 6 of the Dungeon.
You worshipped Okawaru.
Okawaru was noncommittal.
You visited 2 branches of the dungeon, and saw 7 of its levels.

You collected 318 gold pieces.

Inventory:

Hand Weapons
 a - a +0 shortbow (weapon)
 b - a +2 dagger of draining
   (You took it off a goblin on level 3 of the Dungeon)
Armour
 c - a +0 robe (worn)
 n - a +0 cloak
   (You took it off Crazy Yiuf on level 3 of the Dungeon)
Scrolls
 e - a scroll of fear {unknown}
 g - 2 scrolls of noise {unknown}
 j - 4 scrolls of teleportation {@r4}
 l - a scroll of silence {unknown}
 o - a scroll of torment {unknown}
 s - a scroll of brand weapon {unknown}
 u - a scroll of amnesia
 v - a scroll of enchant armour
Potions
 f - 3 potions of mutation {!q}
 h - 2 potions of magic
 i - a potion of berserk rage {unknown}
 k - 3 potions of heal wounds {@q2}
 m - 2 potions of curing {@q1}
 p - 3 potions of flight
 r - a potion of attraction {unknown}
 t - 2 potions of lignification {!q}


   Skills:
 + Level 3.4 Fighting
 * Level 9.6 Ranged Weapons
 - Level 2.6 Dodging
 + Level 9.5 Stealth


You had 7 spell levels left.
You didn't know any spells.
Your spell library contained the following spells:

 Spells                   Type           Power      Damage    Failure   Level
 Ignite Poison            Fire/Tmut/Pois 0%         N/A       75%         3
 Mephitic Cloud           Conj/Pois/Air  0%         N/A       75%         3
 Freezing Cloud           Conj/Ice/Air   0%         6-21      100%        5


Dungeon Overview and Level Annotations

Branches:
Dungeon (6/15) Zot: 24522  Temple (1/1) D:5 Zot: 5988

Altars:
Ashenzari
Elyvilon
Hepliaklqana
Makhleb
Nemelex Xobeh
Okawaru
Qazlal
Ru
Sif Muna
Trog
Wu Jian
Xom
Yredelemnul
The Shining One

Shops:
D:5 :

Annotations:
D:2 Sigmund


Innate Abilities, Weirdness & Mutations

You are very small and have problems with some larger weapons.
You are too small for most types of armour.
You have supernaturally acute eyesight. (SInv)
You cover ground extremely quickly. (Speed+++)


Message History

An orc is nearby!
You shoot an arrow. The orc shouts!
The arrow hits the orc.
You shoot an arrow. The arrow hits the orc!
You kill the orc!
Okawaru accepts your kill.
No target in view!
No target in view!
A hound comes into view.
You shoot an arrow. The arrow hits the hound.
You shoot an arrow.
The arrow hits the hound but does no damage.
An orc comes into view. It is wielding a +0 dagger.
You shoot an arrow. The orc shouts!
The arrow hits the orc but does no damage.
You shoot an arrow. The arrow hits the hound!
Blink to where?
As you read the scroll of blinking, it crumbles to dust.
Fire: a) +0 shortbow
Aim: a steam dragon (wandering, hasn't noticed you, 67% to hit)
You shoot an arrow.
The arrow barely misses the steam dragon.
The steam dragon hisses angrily.
Fire: a) +0 shortbow
Aim: a steam dragon (67% to hit)
You shoot an arrow.
The arrow closely misses the steam dragon.
The arrow barely misses the hound.
The steam dragon breathes steam at you. The ball of steam hits you!
Fire: a) +0 shortbow
Aim: a steam dragon (67% to hit)
You shoot an arrow.
The arrow barely misses the steam dragon.
The steam dragon breathes steam at you. The ball of steam hits you!
* * * LOW HITPOINT WARNING * * *
The hound is engulfed in a cloud of scalding steam.
The hound dies!
Things that are here:
a +0 dagger; a +0 robe
There is an escape hatch in the floor here.
Things that are here:
a +0 dagger; a +0 robe The steam dragon breathes steam at you.
The ball of steam hits you!!
Ouch! That really hurt!
You die...

..........# #...# #...#.....#
#...# #...#.....# ##...
#######...# #...# ########§.#
#...# ......<#.D###...#
########..§##...#
#..§.†D##.#####
#.###..§..§§@.#
#.####....###.###############
#....[>.### #...........[....
######### #####....########
#....# #....# #....#
#....######## #....'.).....


There were no monsters in sight!

Vanquished Creatures
  Edmund (D:4)
  A water moccasin (D:5)
  A sky beast (D:6)
  A black bear (D:5)
  An ice beast (D:5)
  2 phantoms (D:5)
  A bullfrog (D:6)
  2 necrophages (D:5)
  A scorpion (D:3)
  A jelly (D:5)
  A hound (D:5)
  An orc priest (D:4)
  Crazy Yiuf (D:3)
  Jessica (D:2)
  Terence (D:2)
  2 iguanas
  4 orc wizards
  Natasha (thrice) (D:2)
  Robin (D:2)
  10 gnolls
  7 adders
  A shadow imp (D:6)
  16 orcs
  5 endoplasms
  4 giant cockroaches
  11 goblins
  14 hobgoblins
  4 jackals (D:1)
  7 kobolds
  6 quokkas
  8 ball pythons
  14 bats
  2 frilled lizards (D:1)
  3 rats
139 creatures vanquished.

Vanquished Creatures (others)
  A hound (D:6)
  16 demonic plants (D:2)
  9 fungi
  18 plants
  3 withered plants (D:2)
47 creatures vanquished.

Grand Total: 186 creatures vanquished

Notes
Turn   | Place    | Note
-------+----------+-------------------------------------------
     0 | D:1      | GeoRichter the Spriggan Hunter began the quest for the Orb.
     0 | D:1      | Reached XP level 1. HP: 10/10 MP: 2/2
   105 | D:1      | Reached XP level 2. HP: 14/14 MP: 3/3
   890 | D:1      | Reached XP level 3. HP: 18/18 MP: 4/4
  1130 | D:2      | Noticed Robin
  1321 | D:2      | Noticed Terence
  1368 | D:2      | Killed Terence
  1369 | D:2      | Reached skill level 5 in Ranged Weapons
  1369 | D:2      | Reached XP level 4. HP: 20/22 MP: 5/5
  1424 | D:2      | Noticed Sigmund
  2001 | D:2      | Noticed Jessica
  2004 | D:2      | Killed Jessica
  2063 | D:2      | Killed Robin
  2247 | D:2      | Found a faded altar of an unknown god.
  2287 | D:2      | Noticed Natasha
  2323 | D:2      | Killed Natasha
  2324 | D:2      | Reached XP level 5. HP: 14/25 MP: 6/6
  2595 | D:2      | Noticed Natasha
  2598 | D:2      | Killed Natasha
  2619 | D:2      | Noticed Natasha
  2624 | D:2      | Killed Natasha
  2625 | D:2      | Reached skill level 5 in Stealth
  2872 | D:3      | Identified the +5 hammer "Issuotuego" {vorpal, Contam *Slow
                  | Str+2 Int+7}
  2880 | D:3      | Found a runed translucent door.
  2881 | D:3      | Noticed Crazy Yiuf
  3026 | D:3      | Found a white marble altar of Elyvilon.
  3037 | D:3      | Found the +7 Kryia's mail coat {PotionHeal*2 rC+}
  3302 | D:3      | Killed Crazy Yiuf
  3303 | D:3      | Reached XP level 6. HP: 30/30 MP: 7/7
  3516 | D:4      | Noticed Edmund
  4065 | D:4      | HP: 1/30 [Edmund/puff of flame (7)]
  4380 | D:4      | You fall into a shaft and drop 2 floors!
  4567 | D:6      | Noticed a steam dragon
  4622 | D:5      | Entered Level 5 of the Dungeon
  4639 | D:5      | Found a staircase to the Ecumenical Temple.
  4646 | Temple   | Entered the Ecumenical Temple
  4779 | D:5      | Reached XP level 7. HP: 32/33 MP: 8/8
  5208 | D:5      | Found Hoitainarph's Book Shoppe.
  5250 | D:5      | Reached XP level 8. HP: 21/37 MP: 9/9
  5564 | D:5      | Found a stormy altar of Qazlal.
  5711 | D:5      | Found a hazy altar of Hepliaklqana.
  6126 | D:4      | Found an iron altar of Okawaru.
  6129 | D:4      | Became a worshipper of Warmaster Okawaru
  6242 | D:4      | Killed Edmund
  7792 | D:6      | Found a bloodstained altar of Trog.
  7829 | D:6      | Killed from afar by a steam dragon

Illustrated notes

Levels and vault maps discovered:
D:1:      spicycebolla_green_bress_n_ham, layout_loops_corners
D:2:      layout_basic, shapermc_ecumenical_altar_gd, uniq_terence,
          uniq_natasha, uniq_jessica, uniq_robin, uniq_sigmund
D:3:      layout_rooms, mainiacjoe_overflow_tiny_flanked,
          nicolae_figureground_sparkle, uniq_crazy_yiuf_cottage
D:4:      layout_cave_pools, kennysheep_mini, minivault_5,
          minmay_misc_feat_doors, uniq_edmund
D:5:      nicolae_cairo_tiling, layout_basic, grunt_qazlal_clouds,
          nicolae_hepliaklqana_hazy_memory, serial_shops, nicolae_stop_n_shop_2,
          minmay_manual_mail
D:6:      layout_basic, overflow_temple_1_default, lemuel_crystal_altar,
          mainiacjoe_overflow_big_doors
Temple:   hellmonk_temple_rainy

Skill      XL: |  1  2  3  4  5  6  7  8 |
---------------+-------------------------+-----
Stealth        | 2 3 4 5 6 8 9 |  9.5
Ranged Weapons | 5 6 7 8 9 |  9.6
Fighting       | 3 |  3.4
Dodging        | |  2.6

Action                   |  1- 3 |  4- 6 |  7- 9 || total
-------------------------+-------+-------+-------++-------
Melee: Dagger            |       |    14 |     3 ||    17
       Punch             |       |       |     1 ||     1
 Fire: Shortbow          |   111 |   249 |   199 ||   559
  Use: Scroll            |       |     1 |    11 ||    12
 Stab: Sleeping          |       |     1 |       ||     1
Armor: Robe              |     2 |    10 |       ||    12
Dodge: Dodged            |    28 |    98 |    52 ||   178
